cohdb
Replays
Latest Replays
All Replays
Popular Replays
Top Player Replays
Match Explorer
How It Works
Community
CoH3 Stats
Reddit
Sign in to upload your games and track your stats! →
Sign in with Steam
Match 45978734
Unlisted
Match 45978734
Overview
Messages
Build Orders
End
Kettenkrad Recon Vehicle
Construct Infanterie Kompanie
Grenadier Squad
Selects Breakthrough Battlegroup
Selects Assault Grenadiers
Grenadier Squad
Grenadier Squad
Medical Station
Construct Luftwaffe Kompanie
Selects Rapid Production
Flak 30 Anti-aircraft Gun Team
Jäger Squad
Support Elements
Wirbelwind Flakpanzer
Jäger Squad
Luftwaffe Officer Quarters
Construct Panzergrenadier Kompanie
Pak 40 Anti-tank Gun Team
Selects Blitzkrieg
Nebelwerfer 42 Rocket Launcher Team
Panzergrenadier Officer Quarters
Nebelwerfer 42 Rocket Launcher Team
Selects Tiger Heavy Tank
Tiger Heavy Tank
Pioneer Squad
Selects Breakthrough
Selects Incendiary Bombing Run
Pioneer Squad
Construct Panzer Kompanie
Breakthrough
Incendiary Bombing Run
tmass1g
detahaven
0
0
Comments
sign in to comment!
No comments posted yet!